 Dungeon Sprint DCSS version 0.17-a0-1651-gae1a69f (webtiles) character file.

3035 nuthulu the Unseen (level 9, -6/39 HPs)
             Began as a Spriggan Enchanter on Aug 14, 2015.
             Was the Champion of Dithmenos.
             Killed by the air
             ... invoked by Gastronok
              (25 damage)
             ... in the Dungeon (Sprint VII: "The Pits").
             The game lasted 00:06:09 (1398 turns).

nuthulu the Unseen (Spriggan Enchanter)             Turns: 1398, Time: 00:06:09

Health: -6/39      AC:  6    Str:  9    XL:     9   Next: 56%
Magic:  24/26      EV: 31    Int: 20    God:    Dithmenos [******]
Gold:   0          SH:  0    Dex: 19    Spells: 5 memorised, 20 levels left

rFire  . . .     SeeInvis +     q - +2 dagger (drain)
rCold  . . .     Clarity  .     b - +1 robe
rNeg   . . .     SustAt   .     (shield restricted)
rPois  .         Gourm    .     (helmet restricted)
rElec  .         Spirit   .     (no cloak)
rCorr  .         Warding  .     (gloves unavailable)
rMut   .         NoTele   +     (boots unavailable)
MR     +....                    (no amulet)
Stlth  ++++++++++               s - +3 ring of protection
                                r - +3 ring of intelligence

@: mighty, very slightly contaminated, wreathed by umbra, invisible, very quick,
somewhat resistant to hostile enchantments, uncannily stealthy
A: unfitting armour, see invisible, herbivore 3, speed 3, slow metabolism 2
a: Shadow Step, Shadow Form, Renounce Religion


You were in the Dungeon.
You worshipped Dithmenos.
Dithmenos was exalted by your worship.
You were not hungry.

You visited 1 branch

Inventory:

Hand weapons
 a - a +1 dagger
 k - a +2 dagger
 q - a +2 dagger of draining (weapon)
 u - a +2 rapier of distortion
Armour
 b - a +1 robe (worn)
Jewellery
 r - a +3 ring of intelligence (left hand)
 s - a +3 ring of protection (right hand)
Scrolls
 j - a scroll of blinking
 n - 3 scrolls of remove curse
 o - 5 scrolls of amnesia
 p - a scroll of summoning
Potions
 e - 7 potions of curing
 f - 6 potions of heal wounds
 g - a potion of haste
 h - 4 potions of magic
 i - 3 potions of berserk rage
 v - 3 potions of cure mutation
 w - a potion of brilliance
 x - a potion of agility
Books
 c - a book of Maledictions

   Spells                             Type                      Level
   a - Corona                         Hexes                        1
   b - Ensorcelled Hibernation        Hexes/Ice                    2
   c - Confuse                        Hexes                        3
   d - Tukima's Dance                 Hexes                        3
   e - Dazzling Spray                 Conjuration/Hexes            3
Comestibles
 d - 8 bread rations
 l - 40 fruits


   Skills:
 + Level 10.8 Short Blades
 + Level 14.1 Dodging
 + Level 15.2 Stealth
 + Level 12.1 Spellcasting
 + Level 12.2 Hexes


You had 20 spell levels left.
You knew the following spells:

 Your Spells              Type           Power        Failure   Level  Hunger
a - Corona                Hex            ######.      1%          1    None
b - Ensorcelled Hibernat  Hex/Ice        #####.       1%          2    None
c - Tukima's Dance        Hex            ######..     1%          3    None
d - Dazzling Spray        Conj/Hex       #####...     1%          3    None
e - Confuse               Hex            ######..     1%          3    None


Dungeon Overview and Level Annotations

Branches:
Dungeon (1/1)

Altars:
Ashenzari
Cheibriados
Dithmenos
Elyvilon
Fedhas
Kikubaaqudgha
Makhleb
Nemelex Xobeh
Okawaru
Ru
Sif Muna
Trog
Vehumet
Xom
Yredelemnul
Zin
The Shining One
Beogh
Jiyva
Lugonu

Annotations:
D Gastronok


Innate Abilities, Weirdness & Mutations

You are tiny and cannot use many weapons and most armour.
You have supernaturally acute eyesight.
You are a herbivore.
You cover ground extremely quickly.
You need consume almost no food.


Message History

Confirm with . or Enter, or press ? or * to list all spells.
Aiming: Ensorcelled Hibernation
Press: ? - help, Shift-Dir - straight line, f - Gastronok
Aim: Gastronok, wearing a glowing hat (umbra, chance to defeat MR: 16%) Gastronok resists with almost no effort.
Gastronok waves his eye-stalks in wide circles.
The air twists around and strikes you!
Ouch! That really hurt!
You emit a cloud of dark smoke.
You start resting.
Casting: Ensorcelled Hibernation
Confirm with . or Enter, or press ? or * to list all spells.
Okay, then.
You start resting.
Drink which item? (? for menu, Esc to quit)
You fade into invisibility!
Gastronok waves his eye-stalks in wide circles.
The air twists around and strikes you!
Ouch! That really hurt!
You die...

#[[##................#
#.)#####'#####''######
#))##.......##''# ###
#))##.......##†)# ..
#..##.......##).# '#
#'###...<...##..# #w##
...##.......##§)# ##...##
...##.......##§.####.....#
#####.......##§§@##......#..
#..###########§§§w'......'..
#.############§§.##......#..
#.#....#..[[##..####.....#
#'#....#..[[##..# ##...##
#†'....'...)##..# #.##
#'#....#..))##..# +#
))#....#..))##..#
#################


You could see Gastronok.

Vanquished Creatures
  A shadow wraith (D)
  A deep troll (D)
  A sea snake (D)
  An elephant (D)
  A fire drake (D)
  A polar bear (D)
  A hippogriff (D)
  A deep elf fighter (D)
  2 porcupines (D)
  A hound (D)
  3 orc priests (D)
  An orc wizard (D)
  A quasit (D)
  An iron imp (D)
  2 gnolls (D)
  An adder (D)
  A giant gecko (D)
  5 orcs (D)
  A goblin (D)
  2 hobgoblins (D)
  A quokka (D)
  A giant newt (D)
  7 jackals (D)
38 creatures vanquished.

Vanquished Creatures (collateral kills)
  An orc priest (D)
  An orc (D)
2 creatures vanquished.

Vanquished Creatures (others)
  A dancing weapon (D)
1 creature vanquished.

Grand Total: 41 creatures vanquished

Notes
Turn   | Place    | Note
--------------------------------------------------------------
     0 | D        | nuthulu the Spriggan Enchanter began the quest for the Orb.
     0 | D        | Reached XP level 1. HP: 9/9 MP: 5/5
    39 | D        | Found a sacrificial altar of Ru.
    39 | D        | Found a shadowy altar of Dithmenos.
    39 | D        | Found a bloodstained altar of Trog.
    39 | D        | Found a deep blue altar of Sif Muna.
    39 | D        | Found a shimmering altar of Xom.
    39 | D        | Found a sparkling altar of Nemelex Xobeh.
    39 | D        | Found a corrupted altar of Lugonu.
    39 | D        | Found a viscous altar of Jiyva.
    40 | D        | Found a basalt altar of Yredelemnul.
    40 | D        | Found a glowing golden altar of the Shining One.
    40 | D        | Found a shattered altar of Ashenzari.
    40 | D        | Found a white marble altar of Elyvilon.
    40 | D        | Found a snail-covered altar of Cheibriados.
    40 | D        | Found a blossoming altar of Fedhas.
    40 | D        | Found a radiant altar of Vehumet.
    40 | D        | Found a burning altar of Makhleb.
    40 | D        | Found an ancient bone altar of Kikubaaqudgha.
    40 | D        | Found a glowing silver altar of Zin.
    40 | D        | Found a roughly hewn altar of Beogh.
    40 | D        | Found an iron altar of Okawaru.
    46 | D        | Became a worshipper of Dithmenos the Shadowed
    57 | D        | Reached skill level 5 in Stealth
    57 | D        | Reached XP level 2. HP: 13/13 MP: 5/7
    61 | D        | Learned a level 2 spell: Ensorcelled Hibernation
   148 | D        | Noticed a porcupine
   161 | D        | Reached skill level 5 in Dodging
   161 | D        | Reached skill level 6 in Stealth
   173 | D        | Acquired Dithmenos's first power
   175 | D        | Reached XP level 3. HP: 6/16 MP: 9/9
   188 | D        | Killed a porcupine
   188 | D        | Acquired Dithmenos's second power
   188 | D        | Reached skill level 7 in Dodging
   188 | D        | Reached skill level 5 in Spellcasting
   188 | D        | Reached XP level 4. HP: 21/21 MP: 9/12
   263 | D        | Noticed a porcupine
   263 | D        | Noticed a hound
   263 | D        | Noticed a quasit
   263 | D        | Noticed an orc priest
   381 | D        | Learned a level 3 spell: Tukima's Dance
   385 | D        | Learned a level 3 spell: Dazzling Spray
   389 | D        | Learned a level 3 spell: Confuse
   464 | D        | Killed a quasit
   464 | D        | Reached skill level 8 in Stealth
   464 | D        | Reached XP level 5. HP: 18/24 MP: 10/14
   468 | D        | Killed a porcupine
   468 | D        | Reached skill level 5 in Short Blades
   468 | D        | Reached skill level 9 in Stealth
   471 | D        | Noticed an orc priest
   473 | D        | Killed a hound
   473 | D        | Reached XP level 6. HP: 21/28 MP: 7/17
   554 | D        | Noticed an orc wizard
   577 | D        | Acquired Dithmenos's third power
   622 | D        | Killed an orc priest
   625 | D        | Killed an orc wizard
   625 | D        | Reached skill level 10 in Stealth
   637 | D        | Killed an orc priest
   786 | D        | Acquired Dithmenos's fourth power
   787 | D        | Noticed a fire drake
   789 | D        | Killed a fire drake
   789 | D        | Reached skill level 10 in Dodging
   789 | D        | Reached skill level 11 in Stealth
   789 | D        | Reached XP level 7. HP: 32/32 MP: 18/20
   868 | D        | Noticed a deep elf fighter
   889 | D        | Killed a deep elf fighter
   967 | D        | Noticed an elephant
   967 | D        | Noticed a sea snake
   968 | D        | Noticed an iron imp
   971 | D        | Killed a sea snake
   971 | D        | Reached skill level 12 in Dodging
   971 | D        | Reached skill level 10 in Spellcasting
   971 | D        | Reached skill level 10 in Hexes
   971 | D        | Reached XP level 8. HP: 36/36 MP: 21/23
   973 | D        | Killed an elephant
   973 | D        | Reached skill level 13 in Stealth
   985 | D        | Killed an iron imp
  1080 | D        | Noticed an orc priest
  1081 | D        | Noticed an orc priest
  1084 | D        | Noticed a deep troll
  1085 | D        | Killed an orc priest
  1089 | D        | Noticed a hippogriff
  1099 | D        | Killed an orc priest
  1108 | D        | Killed a hippogriff
  1110 | D        | Killed a deep troll
  1110 | D        | Reached skill level 10 in Short Blades
  1110 | D        | Reached skill level 14 in Stealth
  1110 | D        | Reached XP level 9. HP: 32/39 MP: 10/25
  1204 | D        | Noticed a merfolk
  1204 | D        | Noticed a polar bear
  1204 | D        | Noticed a shadow wraith
  1204 | D        | Noticed Gastronok
  1322 | D        | Killed a shadow wraith
  1322 | D        | Reached skill level 15 in Stealth
  1332 | D        | Killed a polar bear
  1398 | D        | Killed from afar by Gastronok

Vault maps used:
D:        pitsprint

Action                   |  1- 3 |  4- 6 |  7- 9 || total
-------------------------+-------+-------+-------++-------
Melee: Dagger            |    40 |    27 |    48 ||   115
 Cast: Ensorcelled Hiber |     2 |    11 |    14 ||    27
       Dazzling Spray    |       |     1 |       ||     1
       Tukima's Dance    |       |     3 |     1 ||     4
       Corona            |       |     2 |     3 ||     5
       Confuse           |       |       |     2 ||     2
  Use: Potion            |     2 |       |     4 ||     6
 Stab: Sleeping          |     5 |     8 |    11 ||    24
       Invisible         |     3 |       |       ||     3
       Confused          |       |       |     1 ||     1
